BSA
NASHVILLE G-STRINGS @ ST. LOUIS BROWNS
09/27/2027
 
TOP OF THE 1ST
Madison Bombers batting - Pitching for St. Louis Browns : RHP Nelson Ortega
Pitching: RHP Nelson Ortega
Batting: SHB Martín Medina 0-0: Called Strike
0-1: Foul Ball, location: 2F
0-2: Ball
1-2: Strikes out swinging
Batting: RHB Bruce Brooks 0-0: Called Strike
0-1: Foul Ball, location: 2F
0-2: Ball
1-2: Strikes out swinging
Batting: LHB Mike Callahan 0-0: Called Strike
0-1: Ball
1-1: Ball
2-1: SOLO HOME RUN (Flyball, 9D), Distance : 366 ft
Batting: SHB Jorge Flores 0-0: Called Strike
0-1: Foul Ball, location: 2F
0-2: Ground out U3 (Groundball, 3L)
Top of the 1st over - 1 run(s), 1 hit(s), 0 error(s), 0 left on base; Madison 1 - St. Louis 0
BOTTOM OF THE 1ST
St. Louis Browns batting - Pitching for Madison Bombers : RHP Clint John
Pitching: RHP Clint John
Batting: SHB Ryobe Yamamoto 0-0: Foul Ball, location: 2F
0-1: Foul Ball, location: 2F
0-2: Ground out 6-3 (Groundball, 6)
Batting: LHB Joe Sanders 0-0: Ball
1-0: Ball
2-0: Swinging Strike
2-1: Ball
3-1: Base on Balls
Batting: LHB Jorge Torres 0-0: Grounds into double play, 4-6-3 (Groundball, 4)
Bottom of the 1st over - 0 run(s), 0 hit(s), 0 error(s), 0 left on base; Madison 1 - St. Louis 0
TOP OF THE 2ND
Madison Bombers batting - Pitching for St. Louis Browns : RHP Nelson Ortega
Batting: LHB John Horton 0-0: Ball
1-0: Swinging Strike
1-1: Ball
2-1: Foul Ball, location: 2F
2-2: Ground out 6-3 (Groundball, 6)
Batting: RHB Eric Thompson 0-0: Ball
1-0: Ball
2-0: Foul Ball, location: 2F
2-1: Called Strike
2-2: Ball
3-2: Fly out, F2 (Popup, 3S)
Batting: RHB Juan Costello 0-0: Fly out, F5 (Popup, 56S)
Top of the 2nd over - 0 run(s), 0 hit(s), 0 error(s), 0 left on base; Madison 1 - St. Louis 0
BOTTOM OF THE 2ND
St. Louis Browns batting - Pitching for Madison Bombers : RHP Clint John
Batting: LHB Robin Hill 0-0: Called Strike
0-1: Foul Ball, location: 2F
0-2: Ball
1-2: Ball
2-2: SINGLE (Line Drive, 78S)
Batting: RHB Anthony Rucker 0-0: Ball
1-0: Called Strike
1-1: Ball
2-1: SINGLE (Groundball, 6MD)
Robin Hill to second
Robin Hill to third
Batting: RHB Danny Walker 0-0: Ball
1-0: Fly out, F4 (Popup, 34D)
Batting: LHB Junior Coates 0-0: Ball
1-0: Ball
2-0: Foul Ball, location: 2F
2-1: Foul Ball, location: 2F
2-2: Foul Ball, location: 2F
2-2: Foul Ball, location: 2F
2-2: Foul Ball, location: 2F
2-2: Ball
3-2: Base on Balls
Anthony Rucker to second
Batting: LHB Tommy Evans 0-0: GRAND SLAM HOME RUN (Flyball, 89XD), Distance : 382 ft
Batting: RHB Adrian Prouse 0-0: Ball
1-0: Ball
2-0: Called Strike
2-1: Ball
3-1: Ground out 5-3 (Groundball, 56)
Batting: SHB Ryobe Yamamoto 0-0: Ball
1-0: Ball
2-0: Called Strike
2-1: Ground out 4-3 (Groundball, 34)
Bottom of the 2nd over - 4 run(s), 3 hit(s), 0 error(s), 0 left on base; Madison 1 - St. Louis 4
TOP OF THE 3RD
Madison Bombers batting - Pitching for St. Louis Browns : RHP Nelson Ortega
Batting: LHB John Latham 0-0: Ball
1-0: Ball
2-0: Ball
3-0: Base on Balls
Batting: RHB Javier Deleón 0-0: Ball
1-0: Swinging Strike
1-1: Foul Ball, location: 2F
1-2: Foul Ball, location: 2F
1-2: Ball
2-2: Ball
3-2: Foul Ball, location: 2F
3-2: Base on Balls
John Latham to second
Batting: SHB Martín Medina 0-0: Ball
1-0: Called Strike
1-1: Swinging Strike
1-2: Ball
2-2: Foul Ball, location: 2F
2-2: Ground out U3 (Groundball, 34S)
John Latham to third
Javier Deleón to second
Batting: RHB Bruce Brooks 0-0: Ball
1-0: Called Strike
1-1: Ball
2-1: Called Strike
2-2: Strikes out swinging
Batting: LHB Mike Callahan 0-0: Called Strike
0-1: Ball
1-1: Ball
2-1: Called Strike
2-2: Fly out, F8 (Flyball, 78S)
Top of the 3rd over - 0 run(s), 0 hit(s), 0 error(s), 2 left on base; Madison 1 - St. Louis 4
BOTTOM OF THE 3RD
St. Louis Browns batting - Pitching for Madison Bombers : RHP Clint John
Batting: LHB Joe Sanders 0-0: Ball
1-0: Foul Ball, location: 2F
1-1: Foul Ball, location: 2F
1-2: Strikes out swinging
Batting: LHB Jorge Torres 0-0: Called Strike
0-1: Ground out 4-3 (Groundball, 34)
Batting: LHB Robin Hill 0-0: Ball
1-0: Foul Ball, location: 2F
1-1: Called Strike
1-2: Foul Ball, location: 2F
1-2: Foul Ball, location: 2F
1-2: Fly out, F7 (Flyball, 7S)
Bottom of the 3rd over - 0 run(s), 0 hit(s), 0 error(s), 0 left on base; Madison 1 - St. Louis 4
TOP OF THE 4TH
Madison Bombers batting - Pitching for St. Louis Browns : RHP Nelson Ortega
Batting: SHB Jorge Flores 0-0: Ground out 6-3 (Groundball, 6MD)
Batting: LHB John Horton 0-0: Ball
1-0: Swinging Strike
1-1: Ball
2-1: Swinging Strike
2-2: Foul Ball, location: 2F
2-2: Strikes out looking
Batting: RHB Eric Thompson 0-0: Called Strike
0-1: Ground out U3 (Groundball, 3S)
Top of the 4th over - 0 run(s), 0 hit(s), 0 error(s), 0 left on base; Madison 1 - St. Louis 4
BOTTOM OF THE 4TH
St. Louis Browns batting - Pitching for Madison Bombers : RHP Clint John
Batting: RHB Anthony Rucker 0-0: Ball
1-0: Called Strike
1-1: Ball
2-1: Swinging Strike
2-2: Ball
3-2: SOLO HOME RUN (Flyball, 7D), Distance : 387 ft
Batting: RHB Danny Walker 0-0: Called Strike
0-1: Ball
1-1: Ball
2-1: Ground out 5-3 (Groundball, 5)
Batting: LHB Junior Coates 0-0: Fly out, F7 (Line Drive, 7)
Batting: LHB Tommy Evans 0-0: Swinging Strike
0-1: Swinging Strike
0-2: Strikes out swinging
Bottom of the 4th over - 1 run(s), 1 hit(s), 0 error(s), 0 left on base; Madison 1 - St. Louis 5
TOP OF THE 5TH
Madison Bombers batting - Pitching for St. Louis Browns : RHP Nelson Ortega
Batting: RHB Juan Costello 0-0: Ground out 5-3 (Groundball, 5L)
Batting: LHB John Latham 0-0: Ball
1-0: Called Strike
1-1: Called Strike
1-2: Strikes out swinging
Batting: RHB Javier Deleón 0-0: Called Strike
0-1: Ground out 6-3 (Groundball, 6)
Top of the 5th over - 0 run(s), 0 hit(s), 0 error(s), 0 left on base; Madison 1 - St. Louis 5
BOTTOM OF THE 5TH
St. Louis Browns batting - Pitching for Madison Bombers : RHP Clint John
Batting: RHB Adrian Prouse 0-0: Ball
1-0: Foul Ball, location: 2F
1-1: Ground out 5-3 (Groundball, 56S)
Batting: SHB Ryobe Yamamoto 0-0: Ball
1-0: Ball
2-0: Ball
3-0: Called Strike
3-1: Swinging Strike
3-2: Fly out, F7 (Flyball, 7S)
Batting: LHB Joe Sanders 0-0: Ball
1-0: Ball
2-0: Ground out 4-3 (Groundball, 4)
Bottom of the 5th over - 0 run(s), 0 hit(s), 0 error(s), 0 left on base; Madison 1 - St. Louis 5
TOP OF THE 6TH
Madison Bombers batting - Pitching for St. Louis Browns : RHP Nelson Ortega
Batting: SHB Martín Medina 0-0: Ball
1-0: SINGLE (Groundball, 4MD)
Batting: RHB Bruce Brooks 0-0: Called Strike
Martín Medina is caught stealing 2nd base
0-1: Fly out, F9 (Flyball, 9LSF)
Batting: LHB Mike Callahan 0-0: Ball
1-0: Foul Ball, location: 2F
1-1: SINGLE (Line Drive, 4D)
Batting: SHB Jorge Flores 0-0: Ball
1-0: Ball
2-0: Fielders Choice at 2nd, 6-4 (Groundball, 6)
Top of the 6th over - 0 run(s), 2 hit(s), 0 error(s), 0 left on base; Madison 1 - St. Louis 5
BOTTOM OF THE 6TH
St. Louis Browns batting - Pitching for Madison Bombers : RHP Clint John
Batting: LHB Jorge Torres 0-0: Foul Ball, location: 2F
0-1: Ball
1-1: Foul Ball, location: 2F
1-2: Foul Ball, location: 2F
1-2: Foul Ball, location: 2F
1-2: Ground out U3 (Groundball, 34S)
Batting: LHB Robin Hill 0-0: Ball
1-0: Ground out 3-1 (Groundball, 34)
Batting: RHB Anthony Rucker 0-0: Called Strike
0-1: Ball
1-1: Foul Ball, location: 2F
1-2: Foul Ball, location: 2F
1-2: Ground out 5-3 (Groundball, 56)
Bottom of the 6th over - 0 run(s), 0 hit(s), 0 error(s), 0 left on base; Madison 1 - St. Louis 5
TOP OF THE 7TH
Madison Bombers batting - Pitching for St. Louis Browns : RHP Nelson Ortega
Batting: LHB John Horton 0-0: Swinging Strike
0-1: Fly out, F3 (Line Drive, 34)
Batting: RHB Eric Thompson 0-0: Ball
1-0: Fly out, F9 (Flyball, 9)
Batting: RHB Juan Costello 0-0: SINGLE (Groundball, 56D)
Batting: LHB John Latham 0-0: Ball
1-0: Called Strike
Juan Costello steals 2nd base
1-1: Fly out, F6 (Line Drive, 56)
Top of the 7th over - 0 run(s), 1 hit(s), 0 error(s), 1 left on base; Madison 1 - St. Louis 5
BOTTOM OF THE 7TH
St. Louis Browns batting - Pitching for Madison Bombers : RHP Clint John
Batting: RHB Danny Walker 0-0: Called Strike
0-1: Called Strike
0-2: SINGLE (Groundball, 6MD)
Pitching: RHP António Juárez
Batting: LHB Junior Coates 0-0: Ball
1-0: Ball
2-0: Swinging Strike
2-1: Ball
3-1: Base on Balls
Danny Walker to second
Batting: LHB Tommy Evans 0-0: Sac Bunt - play at first, batter OUT! U3
Danny Walker to third
Junior Coates to second
Batting: RHB Adrian Prouse 0-0: Ball
1-0: Ground out 4-3 (Groundball, 34)
Danny Walker scores
Junior Coates to third
Batting: SHB Ryobe Yamamoto 0-0: Called Strike
0-1: Ball
1-1: Called Strike
1-2: Ball
2-2: Ball
3-2: Ground out 3-1 (Groundball, 34)
Bottom of the 7th over - 1 run(s), 1 hit(s), 0 error(s), 1 left on base; Madison 1 - St. Louis 6
TOP OF THE 8TH
Madison Bombers batting - Pitching for St. Louis Browns : RHP Nelson Ortega
Now in RF: Vicente Valentín
Batting: RHB Javier Deleón 0-0: Ball
1-0: SINGLE (Flyball, 8LS)
Pitching: LHP Brent Miller
Batting: SHB Martín Medina 0-0: Foul Ball, location: 2F
0-1: Grounds into double play, 4-6-3 (Groundball, 34)
Batting: RHB Bruce Brooks 0-0: Ball
1-0: Swinging Strike
1-1: Ball
2-1: Foul Ball, location: 2F
2-2: Strikes out swinging
Top of the 8th over - 0 run(s), 1 hit(s), 0 error(s), 0 left on base; Madison 1 - St. Louis 6
BOTTOM OF THE 8TH
St. Louis Browns batting - Pitching for Madison Bombers : RHP António Juárez
Batting: LHB Joe Sanders 0-0: Ball
1-0: Ball
2-0: Foul Ball, location: 2F
2-1: Foul Ball, location: 2F
2-2: Foul Ball, location: 2F
2-2: Ground out 1-3 (Groundball, 13)
Batting: LHB Jorge Torres 0-0: Ball
1-0: Foul Ball, location: 2F
1-1: SINGLE (Groundball, 56D)
Batting: LHB Robin Hill 0-0: Called Strike
0-1: Called Strike
0-2: Ball
1-2: Foul Ball, location: 2F
1-2: Fly out, F8 (Flyball, 8LM)
Batting: RHB Anthony Rucker 0-0: Ball
1-0: Swinging Strike
1-1: Ball
2-1: Ball
3-1: Base on Balls
Jorge Torres to second
Batting: RHB Danny Walker 0-0: Ball
1-0: Foul Ball, location: 2F
1-1: Foul Ball, location: 2F
1-2: TRIPLE (Flyball, 8RXD)
Jorge Torres scores
Anthony Rucker scores
Batting: RHB Vicente Valentín 0-0: Called Strike
0-1: Ball
1-1: Ball
2-1: Ball
3-1: Called Strike
3-2: Strikes out swinging
Bottom of the 8th over - 2 run(s), 2 hit(s), 0 error(s), 1 left on base; Madison 1 - St. Louis 8
TOP OF THE 9TH
Madison Bombers batting - Pitching for St. Louis Browns : LHP Brent Miller
Batting: LHB Mike Callahan 0-0: Ball
1-0: Foul Ball, location: 2F
1-1: Swinging Strike
1-2: Strikes out swinging
Batting: SHB Jorge Flores 0-0: Ball
1-0: Swinging Strike
1-1: Called Strike
1-2: Ball
2-2: Foul Ball, location: 2F
2-2: Fly out, F7 (Flyball, 7)
Batting: LHB John Horton 0-0: Ball
1-0: Foul Ball, location: 2F
1-1: Called Strike
1-2: Strikes out swinging
Top of the 9th over - 0 run(s), 0 hit(s), 0 error(s), 0 left on base; Madison 1 - St. Louis 8
Thursday, March 30th, 2017 - OOTP Baseball 17.12 Build 75